 Dungeon Crawl Stone Soup version 0.30.1-11-g7821555f0a (webtiles) character file.

Game seed: 5209732949307394518

208 Sakumbe the Sneak (level 5, 0/42 HPs)
             Began as a Ghoul Brigand on Nov 28, 2023.
             Slain by a quokka (1 damage)
             ... on level 2 of the Dungeon.
             The game lasted 00:03:04 (486 turns).

Sakumbe the Sneak (Ghoul Brigand)                    Turns: 486, Time: 00:03:05

Health: 0/42       AC:  4    Str: 15    XL:     5   Next: 86%
Magic:  5/5        EV: 12    Int:  8    God:
Gold:   51         SH:  0    Dex: 10    Spells: 6/6 levels left

rFire   . . .        a - +2 dagger
rCold   + . .        (no shield)
rNeg    + + +        b - +0 robe
rPois   ∞            (no helmet)
rElec   .            c - +1 cloak
rCorr   .            (no gloves)
SInv    .            (no boots)
Will    .....        (no amulet)
Stlth   +++          (no ring)
HPRegen 0.00/turn    (no ring)
MPRegen 0.09/turn

%: no passive effects
@: inhibited regen
A: claws 1, cold resistance 1, negative energy resistance 3, inhibited
regeneration, torment resistance 2, devour on kill
a: no special abilities


You were on level 2 of the Dungeon.
You visited 1 branch of the dungeon, and saw 2 of its levels.

You collected 51 gold pieces.

Inventory:

Hand Weapons
 a - a +2 dagger (weapon)
Missiles
 d - 8 poisoned darts
 f - 2 curare-tipped darts (quivered)
 j - 2 javelins
Armour
 b - a +0 robe (worn)
 c - a +1 cloak (worn)
Wands
 e - a wand of flame (19)
Scrolls
 g - a scroll of fog
 l - 2 scrolls of enchant armour
Potions
 h - a potion of brilliance {unknown}
 i - 2 potions of flight {unknown}
 k - a potion of lignification {unknown}


   Skills:
 * Level 2.7 Fighting
 * Level 2.5 Short Blades
 * Level 2.3 Throwing
 * Level 1.2 Armour
 * Level 1.6 Dodging
 * Level 6.1 Stealth
 * Level 1.0 Spellcasting


You had 6 spell levels left.
You didn't know any spells.
Your spell library was empty.

Dungeon Overview and Level Annotations

Branches:
Dungeon (2/15)

Altars:
Xom

Annotations:
D:2 Robin


Innate Abilities, Weirdness & Mutations

You are immune to poison.
You have sharp fingernails.
Your flesh is cold resistant. (rC+)
You are immune to negative energy. (rN+++)
You do not regenerate when monsters are visible.
You are immune to unholy pain and torment.
You thrive by killing the living.


Message History

The goblin hits you but does no damage. The goblin closely misses you.
You hit Robin.
Robin is moderately wounded.
Robin throws the goblin at you!
You closely miss Robin.
Robin is moderately wounded.
The goblin hits you with a +0 club. The goblin hits you with a +0 dagger.
The goblin barely misses you. The quokka closely misses you.
You hit Robin but do no damage.
Robin is moderately wounded.
The goblin hits you but does no damage. The goblin barely misses you.
The goblin hits you but does no damage. The goblin hits you with a +0 club.
* * * LOW HITPOINT WARNING * * *
Robin hits you with a +2 short sword of venom.
* * * LOW HITPOINT WARNING * * *
The quokka bites you but does no damage.
Okay, then.
You hit the quokka but do no damage. The goblin hits you with a +0 dagger.
* * * LOW HITPOINT WARNING * * *
The goblin barely misses you. The goblin misses you.
The goblin closely misses you. x2; The quokka closely misses you.
Robin hits you with a +2 short sword of venom.
* * * LOW HITPOINT WARNING * * *
Unknown command.
You hit Robin.
Robin is heavily wounded.
The goblin closely misses you. The goblin misses you.
The goblin barely misses you. The goblin hits you with a +0 dagger.
* * * LOW HITPOINT WARNING * * *
The goblin hits you with a +0 club.
* * * LOW HITPOINT WARNING * * *
The quokka bites you but does no damage.
Okay, then.
Aiming: Throw Flame
Press: ? - help, Shift-Dir - straight line, f/p - Robin
Aim: Robin, wielding a +2 short sword of venom, wearing a +0 animal skin and wearing a +0 helmet (heavily wounded, slow, 77% to hit)
The puff of flame hits Robin.
Robin is heavily wounded.
The quokka bites you.
You die...

........#................
.......##................
........#.....†).........
.........................
...............#.........
.#....#.......##...###+##
.#....#.......##gJ.##...
.#....#........ggrg.....
.#....#....####g@###.#
##....#........ggg...#
##....#........)g..#.#
...# #...)..........#
...#######†.......>..#
.....................#
)........[...........#
...........##..........
....................####


You could see Robin (slow), an endoplasm, a quokka, 2 hobgoblins and 6 goblins.

Vanquished Creatures
  Sigmund (D:2)
  An adder (D:2)
  2 worms (D:2)
  A dart slug (D:2)
  2 ball pythons (D:1)
  4 endoplasms
  4 goblins
  A jackal (D:1)
  2 quokkas
  A bat (D:1)
  4 frilled lizards
  A kobold (D:2)
  2 rats
26 creatures vanquished.

Notes
Turn   | Place    | Note
-------+----------+-------------------------------------------
     0 | D:1      | Sakumbe the Ghoul Brigand began the quest for the Orb.
     0 | D:1      | Reached XP level 1. HP: 17/17 MP: 0/0
   164 | D:1      | Reached skill level 1 in Dodging
   167 | D:1      | Reached XP level 2. HP: 23/24 MP: 1/1
   204 | D:2      | Noticed Robin
   321 | D:2      | Reached skill level 5 in Stealth
   340 | D:2      | Found a shimmering altar of Xom.
   345 | D:2      | Noticed Sigmund
   360 | D:2      | Killed Sigmund
   361 | D:2      | Reached skill level 1 in Armour
   361 | D:2      | Reached skill level 6 in Stealth
   361 | D:2      | Reached XP level 3. HP: 26/30 MP: 1/3
   361 | D:2      | Reached XP level 4. HP: 33/37 MP: 1/4
   361 | D:2      | Reached XP level 5. HP: 37/42 MP: 1/5
   454 | D:2      | Reached skill level 1 in Spellcasting
   485 | D:2      | HP: 2/42 [goblin/+0 dagger[Robin] (2)]
   486 | D:2      | Slain by a quokka

Illustrated notes

Levels and vault maps discovered:
D:1:      psy_arrival_fountain, layout_basic, serial_shops, shop,
          minmay_hexomino_u4
D:2:      layout_basic, basic_altar, uniq_sigmund, uniq_robin, uniq_jessica

Skill      XL: |  1  2  3  4  5 |
---------------+----------------+-----
Dodging        | 1 |  1.6
Stealth        | 6 |  6.1
Short Blades   | 2 |  2.5
Throwing       | 2 |  2.3
Armour         | 1 |  1.2
Spellcasting   | 1 |  1.0
Fighting       | |  2.7

Action                     |  1- 3 |  4- 6 || total
---------------------------+-------+-------++-------
  Melee: Dagger            |    48 |    52 ||   100
         Punch             |     1 |       ||     1
  Throw: Javelin           |     5 |       ||     5
         Dart              |     4 |     2 ||     6
  Evoke: Wand              |       |     1 ||     1
    Use: Scroll            |     4 |       ||     4
   Stab: Sleeping          |     2 |       ||     2
 Armour: Robe              |    11 |    15 ||    26
  Dodge: Dodged            |    15 |    32 ||    47
